AoeStats
← newats2007

Arena

510356393Analyzed
4v4 RM · 1d ago on Sep 30, 2026· 37m 52s· 8 players
Game mode
Random Map
Map size
Large (8 player)
Population
200
Speed
Normal
Resources
Standard
Victory
Conquest
Starting age
Dark Age
Ending age
Imperial Age
RankedLock teamsTeams togetherTeam positionsShared explorationLock speedFull tech treeHidden civsTurbo modeCheats
Victory
Defeat
🇳🇴 Slavs · Norway
1269
+12
🇮🇳 Khmer · India
1239
+14
1217
+14
🇵🇹 Italians · Portugal
1114
+19
🇮🇩 Bohemians · Indonesia
1206
-16
🇦🇷 Hindustanis · Argentina
1202
-16
🇨🇳 Goths · China
1199
-15
🇹🇼 Byzantines · Taiwan
1123
-12
会做梦的懒猪
10:22 Feudal Age
14:52 Castle Age
12:44 Double-Bit Axe
13:03 Horse Collar
14:40 Wheelbarrow
15:59 Bow Saw
18:16 Loom
21:31 Heavy Plow
24:23 Stone Mining
24:23 Gold Mining
25:07 Hand Cart
30:43 Imperial Age
29:22 Anarchy
29:34 Forging
29:24 Scale Mail Armor
29:30 Pikeman
30:10 Squires
30:56 Iron Casting
33:01 Chemistry
31:56 Murder Holes
31:42 Halberdier
31:46 Man-at-Arms
32:30 Long Swordsman
34:26 Blast Furnace
33:42 Chain Mail Armor
34:43 Two-Man Saw
33:19 Two-Handed Swordsman
33:58 Champion
35:13 Perfusion
Nicholas
12:18 Feudal Age
13:45 Double-Bit Axe
16:25 Castle Age
14:08 Horse Collar
15:17 Loom
17:31 Bow Saw
18:49 Wheelbarrow
21:21 Stone Mining
21:43 Gold Mining
22:49 Redemption
24:07 Fletching
24:47 Bodkin Arrow
29:43 Imperial Age
29:52 Imperial Age
29:17 Padded Archer Armor
30:16 Ballistics
31:18 Bracer
35:19 Crossbowman
36:45 Arbalester
GuGu咕咕
10:52 Feudal Age
11:35 Double-Bit Axe
14:30 Castle Age
12:22 Horse Collar
14:03 Gold Mining
15:48 Bow Saw
17:58 Stone Mining
18:49 Loom
23:40 Wheelbarrow
28:48 Imperial Age
26:56 Heavy Plow
27:47 Hand Cart
28:20 Grand Trunk Road
28:59 Scale Barding Armor
30:12 Gold Shaft Mining
29:40 Devotion
31:54 Chemistry
32:25 Two-Man Saw
32:03 Masonry
32:07 Fortified Wall
32:20 Block Printing
32:45 Redemption
34:06 Chain Barding Armor
33:57 Forging
33:08 Heavy Camel Rider
33:49 Husbandry
33:59 Bloodlines
35:49 Shatagni
36:10 Conscription
35:52 Scale Mail Armor
35:53 Padded Archer Armor
36:29 Iron Casting
36:33 Plate Barding Armor
TempYuraa
11:34 Feudal Age
12:25 Double-Bit Axe
12:30 Horse Collar
15:12 Castle Age
16:13 Bow Saw
17:23 Wheelbarrow
18:18 Heavy Plow
22:08 Fervor
24:32 Hand Cart
29:11 Imperial Age
26:29 Loom
26:29 Town Watch
26:51 Pikeman
27:17 Arson
27:32 Squires
27:58 Fletching
31:14 Chemistry
30:36 Ballistics
30:25 Siege Engineers
30:41 Bodkin Arrow
32:01 Conscription
32:31 Bracer
33:31 Two-Man Saw
31:57 Halberdier
32:48 Padded Archer Armor
32:59 Forging
32:49 Scale Mail Armor
34:01 Conscription
Noob
10:34 Feudal Age
14:32 Castle Age
13:00 Double-Bit Axe
12:57 Horse Collar
18:12 Loom
22:18 Wheelbarrow
22:30 Heavy Plow
28:34 Imperial Age
26:21 Hand Cart
25:52 Town Watch
26:44 Bow Saw
26:25 Gold Mining
26:44 Scale Mail Armor
26:54 Man-at-Arms
27:35 Squires
28:34 Chain Mail Armor
27:41 Long Swordsman
29:00 Detinets
28:57 Two-Handed Swordsman
30:11 Plate Mail Armor
29:43 Druzhina
29:56 Champion
31:10 Forging
34:56 Town Patrol
36:13 Gold Shaft Mining
36:09 Conscription
36:58 Iron Casting
38:39 Blast Furnace
37:51 Fletching
Zé Gui
11:24 Feudal Age
9:40 Loom
15:56 Castle Age
14:09 Double-Bit Axe
14:51 Fletching
15:07 Stone Mining
15:09 Horse Collar
16:07 Gold Mining
21:16 Bodkin Arrow
23:21 Padded Archer Armor
28:39 Leather Archer Armor
30:54 Stone Shaft Mining
30:59 Ballistics
30:35 Murder Holes
34:48 Imperial Age
35:49 Bracer
36:20 Ring Archer Armor
37:30 Bow Saw
38:24 Chemistry
Der unglaubliche Horst™
10:11 Feudal Age
14:28 Castle Age
12:34 Double-Bit Axe
12:53 Horse Collar
20:54 Bow Saw
21:23 Heavy Plow
21:56 Fervor
22:16 Loom
22:25 Gold Mining
28:02 Imperial Age
25:49 Squires
26:47 Scale Mail Armor
26:58 Forging
26:34 Arson
26:24 Man-at-Arms
28:00 Gold Shaft Mining
27:45 Chain Mail Armor
27:06 Long Swordsman
28:56 Iron Casting
28:16 Two-Handed Swordsman
28:50 Capped Ram
29:14 Champion
30:30 Plate Mail Armor
32:28 Blast Furnace
31:41 Siege Ram
newats2007
10:55 Feudal Age
9:12 Loom
13:55 Castle Age
20:14 Double-Bit Axe
22:45 Horse Collar
29:17 Imperial Age
27:52 Bow Saw
27:44 Heavy Plow
27:39 Gold Mining
29:59 Wheelbarrow
30:12 Forging
29:52 Fletching
30:03 Padded Archer Armor
30:04 Scale Mail Armor
31:41 Double Crossbow
32:19 Conscription
32:37 Hand Cart
32:08 Town Watch
33:44 Heavy Scorpion
35:55 Iron Casting
36:23 Chemistry
35:44 Ballistics
35:28 Light Cavalry
36:18 Bloodlines
36:10 Husbandry
38:06 Blast Furnace
37:58 Siege Engineers
Connection lost

Rejoining the realm…

Still unreachable

The connection could not be restored.

Session expired

The server has moved on; the page needs a fresh start.